 Dungeon Crawl Stone Soup version 0.31-a0-750-gfe7b580527 (webtiles) character file.

Game seed: 6766476017548980045

273 cforsyth the Trooper (level 6, 0/49 HPs)
             Began as a Djinni Delver on Sept 15, 2023.
             Slain by a black bear (3 damage)
             ... on level 4 of the Dungeon.
             The game lasted 00:01:22 (468 turns).

cforsyth the Trooper (Djinni Delver)                 Turns: 468, Time: 00:01:23

Health: 0/49       AC:  3    Str: 11    XL:     6   Next: 48%
Gold:   22         EV: 12    Int: 14    God:
                   SH:  0    Dex: 14

rFire   + + .        a - +0 falchion
rCold   x . .        (no shield)
rNeg    . . .        b - +0 leather armour
rPois   ∞            (no helmet)
rElec   .            (no cloak)
rCorr   .            (no gloves)
SInv    .            (boots unavailable)
Will    .....        (no amulet)
Stlth   ++           (no ring)
HPRegen 0.28/turn    (no ring)
MPRegen 0.00/turn

%: infuse magic (-1 HP)
@: flying
A: sickness immunity, fire resistance 2, cold vulnerability 1, float, innate
caster, HP casting, extra vitality 1
a: no special abilities


You were on level 4 of the Dungeon.
You visited 1 branch of the dungeon, and saw 2 of its levels.

You collected 22 gold pieces.

Inventory:

Hand Weapons
 a - a +0 falchion (weapon)
Armour
 b - a +0 leather armour (worn)
Wands
 g - a wand of digging (3)
 h - a wand of mindburst (4)
 i - a wand of flame (28)
Scrolls
 c - a scroll of fog
 e - a scroll of fear
 j - 2 scrolls of identify {unknown}
 k - a scroll of teleportation {unknown}
Potions
 f - a potion of haste


   Skills:
 + Level 5.2 Fighting
 - Level 1.7 Long Blades
 - Level 2.1 Dodging
 - Level 4.1 Stealth
 + Level 2.9 Spellcasting
 + Level 2.9 Conjurations
 + Level 2.9 Hexes
   Level 0.0 Charms
 + Level 2.9 Summonings
 + Level 2.9 Necromancy
 + Level 2.9 Translocations
 + Level 2.9 Transmutations
 + Level 2.9 Fire Magic
 + Level 2.9 Ice Magic
 + Level 2.9 Air Magic
 + Level 2.9 Earth Magic
 + Level 2.9 Poison Magic


You knew the following spells:

 Your Spells              Type           Power      Damage    Failure   Level
a - Kiss of Death         Conj/Necr      40%        2d8       9%          1
b - Call Imp              Summ           20%        N/A       13%         2
Your spell library was empty.

Dungeon Overview and Level Annotations

Branches:
Dungeon (5/15)             Temple (0/1) D:4

Altars:

Annotations:
D:5 Duvessa


Innate Abilities, Weirdness & Mutations

You are immune to sickness and miasma.
You are immune to poison.
Your flesh is very heat resistant. (rF++)
You are vulnerable to cold. (rC-)
You float through the air rather than walking.
You learn spells naturally, not from books.
Your magical power is your life essence.
You have superior vitality. (+4 MHP)


Message History

You hit the black bear.
The black bear is moderately wounded.
The black bear closely misses you. The black bear claws you. x2
The hobgoblin hits you.
You hit the black bear but do no damage.
The black bear is moderately wounded.
The black bear closely misses you. The black bear misses you.
The black bear closely misses you. The hobgoblin misses you.
You hear a distant slurping noise.
The black bear barely misses you. The black bear claws you. x2
The hobgoblin hits you but does no damage.
You hit the black bear.
The black bear is heavily wounded.
The hobgoblin closely misses you. The black bear completely misses you.
The black bear barely misses you. The black bear closely misses you.
You barely miss the black bear.
The black bear is heavily wounded.
The black bear bites you. The black bear claws you.
The black bear closely misses you. The hobgoblin closely misses you.
You closely miss the black bear.
The black bear is heavily wounded.
The black bear closely misses you. The black bear barely misses you. x2
The hobgoblin hits you.
* * * LOW HITPOINT WARNING * * *
You hit the black bear but do no damage.
The black bear is heavily wounded.
The black bear closely misses you. The black bear barely misses you.
The black bear closely misses you. The hobgoblin barely misses you.
You slash the black bear!
The black bear is severely wounded.
The black bear bites you!
* * * LOW HITPOINT WARNING * * *
The black bear claws you.
* * * LOW HITPOINT WARNING * * *
The black bear claws you.
* * * LOW HITPOINT WARNING * * *
The hobgoblin hits you but does no damage.
The black bear bites you but does no damage.
The black bear claws you.
You die...

,,,,,,,,,....######.........,,,,,
,,,,,,,,,....######.........,,,,,
,,,,,,,,,..[.#..............,,,,,
,,,,,,,,,....#............$.,,,,,
,,,,,,,,,..<.#..>...........,,,,,
,,,,,,,,,....#...##......##.,,,,,
,,,,,,,,,....#...##......#*,,,,,,
,,,,,,,,,....#..h.#......#,,,,,,,
,,,,,,,,,....#..@.#......#,,,,,,,
,,,,,,,,,....#..g##......#,,,,,,,
,,,,,,,,,....#...##......*,,,,,,,
,,,,,,,,,....#..........,+,,,,,,,
,,,,,,,,,,,,,#....,,,,,,,*,,,,,,,
,,,,,,,,,,,,,#.....,,,,,,*>,,,,,,
,,,,,,,,,,,,,######**************
**************


You could see a black bear and a hobgoblin.

Vanquished Creatures
  Prince Ribbit (D:5)
  A phantom (D:5)
  An adder (D:5)
3 creatures vanquished.

Notes
Turn   | Place    | Note
-------+----------+-------------------------------------------
     0 | D:5      | cforsyth the Djinni Delver began the quest for the Orb.
     0 | D:5      | Reached XP level 1. HP: 20/20 MP: 0/0
    16 | D:5      | Noticed Prince Ribbit
    25 | D:5      | Killed Prince Ribbit
    26 | D:5      | Reached skill level 4 in Fighting
    26 | D:5      | Reached XP level 2. HP: 13/27 MP: 0/0
    26 | D:5      | Reached XP level 3. HP: 15/32 MP: 0/0
    26 | D:5      | Learned a level 1 spell: Kiss of Death
    26 | D:5      | Reached XP level 4. HP: 18/38 MP: 0/0
    26 | D:5      | Reached XP level 5. HP: 20/42 MP: 0/0
    26 | D:5      | Learned a level 2 spell: Call Imp
    26 | D:5      | Reached XP level 6. HP: 24/49 MP: 0/0
   201 | D:5      | Noticed Duvessa
   275 | D:5      | Reached skill level 5 in Fighting
   444 | D:4      | Noticed a black bear
   468 | D:4      | Slain by a black bear

Illustrated notes

Levels and vault maps discovered:
D:4:      gammafunk_cloud_chamber, layout_gridville, minmay_temple_entry_hall,
          lightli_sewer_entry_pipes
D:5:      layout_rooms, minmay_holes, uniq_duvessa, uniq_prince_ribbit1

Skill      XL: |  1  2  3  4  5  6 |
---------------+-------------------+-----
Fighting       | 4 5 |  5.2
Spellcasting   | 2 |  2.9
Conjurations   | 2 |  2.9
Hexes          | 2 |  2.9
Summonings     | 2 |  2.9
Necromancy     | 2 |  2.9
Translocations | 2 |  2.9
Transmutations | 2 |  2.9
Fire Magic     | 2 |  2.9
Ice Magic      | 2 |  2.9
Air Magic      | 2 |  2.9
Earth Magic    | 2 |  2.9
Poison Magic   | 2 |  2.9
Long Blades    | |  1.7
Dodging        | |  2.1
Stealth        | |  4.1

Action                     |  1- 3 |  4- 6 || total
---------------------------+-------+-------++-------
  Melee: Falchion          |       |    47 ||    47
         Punch             |       |     1 ||     1
  Evoke: Wand              |     8 |       ||     8
    Use: Scroll            |       |     1 ||     1
 Armour: Leather armour    |     2 |    48 ||    50
  Dodge: Dodged            |     3 |    72 ||    75

Table legend: (Time is in decaauts)
 A = Elapsed time spent in this place.
 B = Non-inter-level travel time spent in this place.
 C = Inter-level travel time spent in this place.
 D = Time resting spent in this place.
 E = Time spent auto-exploring this place.
 F = Levels seen in this place.
 G = Mean time per level.
                   A        B        C        D        E       F      G
               +--------+--------+--------+--------+--------+-----+--------+
         Total |    477 |    477 |      0 |     88 |    249 |   2 |  238.5 |
       Dungeon |    477 |    477 |      0 |     88 |    249 |   2 |  238.5 |
               +--------+--------+--------+--------+--------+-----+--------+

Top non-repeatable levels by time:
     D:5: 446 daAuts
     D:4: 30 daAuts
